 Dungeon Crawl Stone Soup version 0.25-a0-577-ga4619f409e (webtiles) character file.

Game seed: 1605684062825978556, levelgen mode: deterministic

4669 Flugslaktarn the Cleaver (level 10, -11/90 HPs)
             Began as a Minotaur Fighter on Mar 3, 2020.
             Was a Follower of Makhleb.
             Mangled by Gastronok (28 damage)
             ... on level 9 of the Dungeon.
             The game lasted 00:03:38 (6811 turns).

Flugslaktarn the Cleaver (Minotaur Fighter)         Turns: 6811, Time: 00:03:39

Health: -11/90     AC: 18    Str: 25    XL:     10   Next: 20%
Magic:  10/10      EV:  6    Int:  5    God:    Makhleb [*.....]
Gold:   539        SH: 11    Dex:  9    Spells: 9/9 levels left

rFire    . . .     SeeInvis .   a - +0 war axe
rCold    + . .     Gourm    .   s - +0 kite shield
rNeg     . . .     Faith    .   b - +0 plate armour
rPois    .         Spirit   .   (helmet restricted)
rElec    .         Reflect  .   i - +0 cloak {MR+}
rCorr    .         Harm     +   (no gloves)
MR       +....                  (no boots)
Stlth    ..........             o - amulet of harm
HPRegen  0.25/turn              c - ring of protection from cold
MPRegen  0.12/turn              p - +3 ring of protection

@: no status effects
A: retaliatory headbutt, horns 2
a: Renounce Religion


You were on level 9 of the Dungeon.
You worshipped Makhleb.
Makhleb was aware of your devotion.
You were not hungry.

You visited 2 branches of the dungeon, and saw 10 of its levels.

You collected 567 gold pieces.
You spent 28 gold pieces at shops.

Inventory:

Hand Weapons
 a - a +0 war axe (weapon)
Armour
 b - a +0 plate armour (worn)
   (You found it on level 5 of the Dungeon)
 i - a +0 cloak of magic resistance (worn)
   (You took it off Crazy Yiuf on level 4 of the Dungeon)
 s - a +0 kite shield (worn)
Jewellery
 c - a ring of protection from cold (left hand)
   (You found it on level 5 of the Dungeon)
 o - an amulet of harm (around neck)
   (You found it on level 7 of the Dungeon)
 p - a +3 ring of protection (right hand)
   (You found it on level 1 of the Dungeon)
Wands
 v - a wand of digging (10)
   (You found it on level 6 of the Dungeon)
Scrolls
 g - 3 scrolls of fog
 j - 3 scrolls of identify {unknown}
 k - a scroll of torment {unknown}
 l - a scroll of blinking {unknown}
 m - a scroll of immolation {unknown}
 t - 6 scrolls of teleportation
 y - a scroll of remove curse {unknown}
 A - a scroll of brand weapon {unknown}
 B - a scroll of magic mapping {unknown}
 D - a scroll of random uselessness {unknown}
Potions
 d - 2 potions of might
 f - 2 potions of stabbing
 h - 2 potions of haste
 n - 3 potions of degeneration {unknown}
 q - a potion of curing
 r - a potion of flight {unknown}
 u - a potion of ambrosia {unknown}
 w - a potion of invisibility {unknown}
 x - a potion of magic {unknown}
Comestibles
 e - 9 rations
 C - 4 chunks of flesh


   Skills:
 + Level 8.7 Fighting
 * Level 11.3 Axes
 + Level 8.7 Armour
 + Level 8.7 Shields
 + Level 2.2 Invocations


You had 9 spell levels left.
You didn't know any spells.
Your spell library was empty.

Dungeon Overview and Level Annotations

Branches:
Dungeon (9/15)             Temple (1/1) D:7            Lair (0/6) D:9
    Orc: D:9-12

Altars:
Ashenzari
Cheibriados
Dithmenos
Elyvilon
Hepliaklqana
Kikubaaqudgha
Makhleb
Nemelex Xobeh
Okawaru
Ru
Sif Muna
Vehumet
Wu Jian
Yredelemnul
Zin

Shops:
D:4 ?!*}

Annotations:
D:8 exclusion: oklob plant
D:9 Gastronok


Innate Abilities, Weirdness & Mutations

You reflexively headbutt those who attack you in melee.
You have a pair of horns on your head.


Message History

You slash Gastronok!
Gastronok is moderately wounded.
Gastronok bites you!!
* * * LOW HITPOINT WARNING * * *
You are too injured to fight recklessly!
You are too injured to fight recklessly!
You are too injured to fight recklessly!
You slash Gastronok!
Gastronok is moderately wounded.
You hit Gastronok but do no damage.
Gastronok is moderately wounded.
Gastronok bites you.
* * * LOW HITPOINT WARNING * * *
You slash Gastronok!
You headbutt Gastronok, but do no damage.
Gastronok is heavily wounded.
You slash Gastronok!
Gastronok is heavily wounded.
Gastronok bites you!!
You die...

#######.############
#######..............#
.....................#
......)..............#
..........÷..........#
.........(†(.......).#
..........)).........#
.....................#
................@w...#
(....................#
.....................#
.....................#
.....................#
( .................# .
######..........# .
#..######..# .....#


You could see Gastronok.

Vanquished Creatures
  An unseen horror (D:6)
  Grinder (D:3)
  A hippogriff (D:7)
  4 yaks (D:9)
  A water moccasin (D:6)
  Duvessa (D:5)
  2 sky beasts (D:7)
  2 orc warriors
  2 ice beasts (D:6)
  A phantom (D:4)
  A black bear (D:7)
  A necrophage (D:7)
  An ogre (D:8)
  2 centaurs
  2 big kobolds
  5 bullfrogs
  A water moccasin zombie (D:7)
  Dowan (D:5)
  A howler monkey (D:4)
  4 crimson imps
  A bullfrog zombie (D:9)
  2 quasits
  4 jellies
  2 orc priests
  2 bullfrog skeletons
  5 hounds
  Crazy Yiuf (D:4)
  Jessica (D:3)
  A centaur skeleton (D:6)
  6 orc wizards
  Ijyb (D:3)
  A worker ant (D:7)
  A killer bee zombie (D:7)
  A hound zombie (D:5)
  A hound skeleton (D:4)
  A howler monkey zombie (D:6)
  2 worker ant zombies
  8 adders
  7 gnolls (D:5)
  3 shadow imps (D:6)
  5 oozes
  An adder zombie (D:5)
  A worm (D:2)
  2 dart slugs (D:1)
  2 leopard geckos
  28 orcs
  9 giant cockroaches
  3 goblins (D:1)
  4 hobgoblins
  10 jackals
  3 quokkas
  5 bats
  3 frilled lizards
  12 kobolds
  A leopard gecko zombie (D:8)
  21 rats
  A plant (D:4)
197 creatures vanquished.

Vanquished Creatures (others)
  6 fungi (D:8)
6 creatures vanquished.

Grand Total: 203 creatures vanquished

Notes
Turn   | Place    | Note
-------+----------+-------------------------------------------
     0 | D:1      | Flugslaktarn the Minotaur Fighter began the quest for the
                  | Orb.
     0 | D:1      | Reached XP level 1. HP: 19/19 MP: 0/0
   106 | D:1      | Reached XP level 2. HP: 26/27 MP: 1/1
   112 | D:1      | Reached skill level 3 in Axes
   318 | D:1      | Reached XP level 3. HP: 31/33 MP: 2/2
   423 | D:3      | Noticed Grinder
   423 | D:3      | Paralysed by Grinder for 6 turns
   427 | D:3      | Noticed Ijyb
   434 | D:3      | Paralysed by Grinder for 5 turns
   443 | D:3      | Killed Grinder
   443 | D:3      | Reached skill level 4 in Axes
   443 | D:3      | Reached XP level 4. HP: 3/41 MP: 3/3
   443 | D:3      | Reached XP level 5. HP: 3/47 MP: 4/4
   448 | D:3      | Killed Ijyb
   448 | D:3      | Reached skill level 5 in Axes
   847 | D:3      | Reached XP level 6. HP: 50/55 MP: 5/5
  1023 | D:3      | Noticed Jessica
  1026 | D:3      | Killed Jessica
  1026 | D:3      | Reached skill level 5 in Fighting
  1026 | D:3      | Reached skill level 5 in Armour
  1026 | D:3      | Reached skill level 5 in Shields
  1369 | D:4      | Found Jor Rutouff's Assorted Antiques.
  1540 | D:4      | Found Podofofi's Magic Scroll Shop.
  1543 | D:4      | Bought a scroll of fog for 28 gold pieces
  1583 | D:4      | Found Mienweeq's Distillery.
  1808 | D:4      | Reached skill level 6 in Axes
  1808 | D:4      | Reached XP level 7. HP: 50/61 MP: 6/6
  2130 | D:4      | Found Ydaliush's Gadget Boutique.
  2299 | D:4      | Found a runed translucent door.
  2300 | D:4      | Noticed Crazy Yiuf
  2309 | D:4      | Killed Crazy Yiuf
  2501 | D:5      | Entered Level 5 of the Dungeon
  2791 | D:5      | Noticed Duvessa
  2791 | D:5      | Noticed Dowan
  2803 | D:5      | Killed Dowan
  2809 | D:5      | Killed Duvessa
  2809 | D:5      | Reached skill level 7 in Axes
  3414 | D:5      | Reached XP level 8. HP: 51/70 MP: 7/7
  3667 | D:6      | Reached skill level 8 in Axes
  4106 | D:6      | Killed an unseen horror
  4106 | D:6      | Reached skill level 9 in Axes
  4106 | D:6      | Reached XP level 9. HP: 8/79 MP: 8/8
  4872 | D:7      | Found an iron altar of Okawaru.
  4894 | D:7      | Reached skill level 10 in Axes
  5173 | D:7      | Found a staircase to the Ecumenical Temple.
  5185 | Temple   | Entered the Ecumenical Temple
  5279 | Temple   | Became a worshipper of Makhleb the Destroyer
  5954 | D:8      | Reached skill level 1 in Invocations
  6189 | D:8      | Noticed an oklob plant
  6301 | D:9      | Found a staircase to the Lair.
  6348 | D:9      | Reached skill level 11 in Axes
  6348 | D:9      | Reached XP level 10. HP: 18/90 MP: 8/10
  6350 | D:9      | Reached * piety under Makhleb
  6795 | D:9      | Noticed Gastronok
  6811 | D:9      | Mangled by Gastronok

Levels and vault maps discovered:
D:1:      moated_graveyard_arrival, layout_loops_ring
D:2:      layout_basic, lemuel_crystal_altar, first_ration, uniq_robin
D:3:      layout_loops_ring, minmay_rat_hole, uniq_grinder, uniq_ijyb,
          uniq_jessica
D:4:      layout_basic, serial_forest, infiniplex_forest_zigzag_2,
          infiniplex_forest_lined_1, infiniplex_forest_clump_double,
          infiniplex_forest_lined_4_way, infiniplex_forest_clump_small,
          infiniplex_forest_corner_2, serial_shops, kennysheep_mini_moat,
          shop_coins, shop, shop, serial_park_tiny_2, kennysheep_potato,
          uniq_crazy_yiuf_cottage
D:5:      layout_loops_ring, chequers_garden, nrook_mini_vaults, uniq_duvessa
D:6:      layout_loops_cross, hangedman_decor_peaks_small,
          chequers_serial_rivers_small_a, minmay_three_doors
D:7:      layout_rooms, lemuel_crystal_altar, minmay_temple_entry_mist
D:8:      lemuel_slime, layout_basic
D:9:      layout_long_grid, dpeg_oklobed_lair, special_room [special_room_bee],
          serial_shops, shop_statue, grunt_pizzeria, grunt_potential,
          uniq_gastronok, uniq_erica
Temple:   regret_index_temple_chain_breaker

Skill      XL: |  1  2  3  4  5  6  7  8  9 10 |
---------------+-------------------------------+-----
Axes           | 3 4 5 6 7 9 11 | 11.3
Fighting       | 4 5 6 7 8 |  8.7
Shields        | 4 5 6 7 8 |  8.7
Armour         | 4 5 6 7 8 |  8.7
Invocations    | 1 2 |  2.2

Action                   |  1- 3 |  4- 6 |  7- 9 | 10-12 || total
-------------------------+-------+-------+-------+-------++-------
Melee: War axe           |    54 |    95 |   343 |    44 ||   536
       Headbutt          |     6 |    20 |    64 |    16 ||   106
       Unarmed           |       |     4 |       |       ||     4
  Use: Potion            |     2 |       |     2 |       ||     4
       Scroll            |       |       |     1 |       ||     1
  Eat: Chunk             |       |     3 |    12 |     1 ||    16
       Ration            |       |       |     1 |       ||     1
Armor: Scale mail        |    23 |       |       |       ||    23
       Chain mail        |       |    25 |    42 |       ||    67
       Plate armour      |       |       |   165 |    17 ||   182
       Skin              |       |       |    27 |       ||    27
Dodge: Dodged            |    20 |    20 |    75 |     8 ||   123
Block: Kite shield       |    29 |    43 |   201 |    25 ||   298

Table legend:
 A = Non-vault XP
 B = Vault XP
 C = Vault XP percentage of total XP
 D = Non-vault monster count
 E = Vault monster count
 F = Vault count percentage of total count
                 A         B        C        D         E       F
            +---------+---------+-------+---------+---------+-------
      Total |    4997 |    1674 |  25.1 |     159 |      37 |  18.9
            +---------+---------+-------+---------+---------+-------
        D:1 |      41 |       0 |   0.0 |      21 |       0 |   0.0
        D:2 |      13 |       0 |   0.0 |       6 |       0 |   0.0
        D:3 |      91 |     369 |  80.2 |      12 |      22 |  64.7
        D:4 |     269 |      54 |  16.7 |      11 |       3 |  21.4
        D:5 |     448 |     218 |  32.7 |      26 |       2 |   7.1
        D:6 |     792 |     820 |  50.9 |      19 |       3 |  13.6
        D:7 |    1517 |       0 |   0.0 |      25 |       0 |   0.0
        D:8 |     386 |      28 |   6.8 |      16 |       4 |  20.0
        D:9 |    1440 |     185 |  11.4 |      23 |       3 |  11.5
            +---------+---------+-------+---------+---------+-------
